Penguins vs Maroons

Created - 6 mars 2024 at 20:52

Goals
1 2 3 OT1 T
Penguins 1 0 1 1 3
Maroons 0 1 1 0 2
Shots
1 2 3 OT1 T
Penguins 1 13 6 1 21
Maroons 7 8 7 1 23

GoalsPenalties
1st period
1. Penguins , J.T. Miller 24 (Curtis Lazar 3) at 16:11
Nick Ritchie (MON) for Roughing (Minor) at 2:52
Tyler Myers (PIT) for Delaying the game (Minor) at 8:21
2nd period
2. Maroons , Matthew Tkachuk 39 (Rasmus Dahlin 31) at 16:39
No Penalty
3rd period
3. Maroons , Kent Johnson 13 (Jacob Trouba 12, Nick Ritchie 10) at 2:16
4. Penguins , Dmitry Orlov 2 (Charlie Coyle 14, J.T. Miller 26) at 19:20
T.J. Oshie (PIT) for Roughing (Minor) at 2:37
Stefan Noesen (PIT) for Holding (Minor) at 19:31
Overtime #1
5. Penguins , Charlie Coyle 21 (Cale Makar 28, Lawson Crouse 15) at 3:13
No Penalty
Goalie Stats
Jack Campbell (PIT), 21 saves from 23 shots - (0,913), W, 10-18-1, 62:53 minutes
John Gibson (MON), 18 saves from 21 shots - (0,857), OTL, 13-25-2, 63:13 minutes
3 StarsOfficial
1 - J.T. Miller (PIT)
2 - Charlie Coyle (PIT)
3 - Rasmus Dahlin (MON)
Referees : Brandon Schrader and Graham Skilliter
Linesman : Dennis Urban and Scott Cherrey
Game Note
No Game Note
Finance
Level 1 -- Attendance: 5621 (93,68%) -- Ticket Income $562,100
Level 2 -- Attendance: 4143 (82,86%) -- Ticket Income $248,580
Level 3 -- Attendance: 1830 (91,50%) -- Ticket Income $64,050
Level 4 -- Attendance: 3406 (85,15%) -- Ticket Income $68,120
Luxury Box -- Attendance: 859 (85,90%) -- Ticket Income $171,800
Game was played at the Arena de Verdun.
Total Attendance: 15859 (88,11%)
Total Ticket Income: $1,114,650
Other Income: $546,178
Total Income: $1,660,828



Team Name Goals Shots Shots Attemp Shots Blocked PIM HIT PP PK FO%
Penguins 3215086200 / 1 (0%)059%
Maroons 22346112280 / 3 (0%)041%

Penguins
Player Name POS G A P +/- PIM HIT SHT SB MP PP MP PP SHT PK MP PK SHT FO% FOT GA TA
Auston MatthewsC0000001017:040:0000:1600% 000
Cale MakarD0112022023:020:0002:4200% 001
Chad RuhwedelD0000001117:250:4600:3900% 001
Charlie CoyleC/LW/RW1122016120:191:0300:4000% 110
Curtis LazarC/RW0111012220:060:0001:160100% 100
Derek RyanC000001009:160:0000:0000% 000
Dmitry OrlovD1011001023:130:4603:4200% 001
Ethan BearD000-1000122:031:1302:1500% 001
J.T. MillerC/LW/RW1121053018:380:5600:00073% 1510
Lawson CrouseLW/RW0111010120:050:5602:4400% 102
Matt NietoLW/RW000000009:160:0000:0000% 001
Matthew BeniersC0000002117:280:5600:00050% 1001
Mikael GranlundC/LW/RW000-1020016:551:0302:55067% 300
Miles WoodLW/RW000000001:010:0000:1600% 000
Ryan MurrayD0000011017:410:0001:1800% 000
Stefan NoesenLW/RW000-1200011:440:0400:5900% 010
T.J. OshieC/LW/RW000-1250118:200:5901:17050% 600
Troy StecherD000000000:130:0000:0000% 000
Tyler MyersD000-1212021:231:1301:1800% 000
Maroons
Player Name POS G A P +/- PIM HIT SHT SB MP PP MP PP SHT PK MP PK SHT FO% FOT GA TA
Adam ErneLW/RW000-101009:020:0000:4800% 010
Andrew PoturalskiC/LW/RW0000030020:110:0000:00044% 1611
Arber XhekajD000-2001220:051:4401:0700% 000
Bo HorvatC000-100102:370:1000:0000% 000
Casey MittelstadtC0000014016:260:0000:00075% 421
Cole PerfettiC/LW/RW0000000018:231:4600:0000% 100
Esa LindellD0000001020:290:0001:0700% 000
Filip ZadinaLW/RW000-100001:470:1600:0000% 100
Jack QuinnRW0001011019:251:4600:48050% 200
Jacob TroubaD0111020124:031:4400:5200% 000
Keegan KolesarRW000-101008:520:0700:0000% 000
Kent JohnsonC/LW1011002016:021:4600:25033% 610
Kevin BahlD000-1020013:560:0000:0000% 000
Matthew TkachukLW101-1036220:342:3300:0300% 110
Nick RitchieLW0111250112:280:0000:0000% 000
Noah JuulsenD000000001:250:0000:0000% 000
Pierre-Luc DuboisC/LW000-1023221:172:2400:59050% 210
Rasmus DahlinD0112051124:072:4200:0000% 011
Vince DunnD000-1011221:042:4200:5200% 000
Warren FoegeleLW/RW0001012017:222:3000:55025% 400

Penguins

5 vs 5 Forward
Line #Left WingCenterRight WingPHYDFOFWanted %Time %Time Play
1Curtis LazarJ.T. MillerCharlie Coyle0143531%16:41
2Lawson CrouseMatthew BeniersAuston Matthews1223234%17:56
3Mikael GranlundT.J. OshieStefan Noesen1222117%9:06
4Matt NietoT.J. OshieDerek Ryan1311217%9:16
5 vs 5 Defense
Line #DefenseDefensePHYDFOFWanted %Time %Time Play
1Cale MakarDmitry Orlov1223535%18:21
2Tyler MyersEthan Bear1223536%18:53
3Chad RuhwedelRyan Murray1222020%10:32
4Chad RuhwedelRyan Murray1401010%5:13
Power Play Forward
Line #Left WingCenterRight WingPHYDFOFWanted %Time %Time Play
1T.J. OshieMikael GranlundCharlie Coyle1136053%1:03
2Lawson CrouseMatthew BeniersJ.T. Miller1134047%0:56
Power Play Defense
Line #DefenseDefensePHYDFOFWanted %Time %Time Play
1Chad RuhwedelDmitry Orlov1226039%0:46
2Tyler MyersEthan Bear1224061%1:13
Penalty Kill 4 Players Forward
Line #CenterWingPHYDFOFWanted %Time %Time Play
1Mikael GranlundT.J. Oshie1226089%3:57
2Charlie CoyleLawson Crouse1224011%0:29
Penalty Kill 4 Players Defense
Line #DefenseDefensePHYDFOFWanted %Time %Time Play
1Cale MakarDmitry Orlov1226061%2:42
2Tyler MyersEthan Bear1224039%1:44
Penalty Kill 3 Players
Line #WingPHYDFOFWanted %Time %Time PlayDefenseDefensePHYDFOFWanted %Time %Time Play
1Lawson Crouse1226088%1:20 Ryan MurrayDmitry Orlov1226066%1:00
2Charlie Coyle1224012%0:11 Tyler MyersEthan Bear1224034%0:31
4 vs 4 Forward
Line #CenterWingPHYDFOFWanted %Time %Time Play
1Charlie CoyleMikael Granlund122600%0:00
2Matthew BeniersLawson Crouse122400%0:00
4 vs 4 Defense
Line #DefensePHYDFOFWanted %Time %Time Play
1Chad RuhwedelDmitry Orlov122600%0:00
2Tyler MyersEthan Bear122400%0:00
Last Minutes Offensive
Left WingCenterRight WingDefenseDefense
Curtis LazarJ.T. MillerCharlie CoyleCale MakarDmitry Orlov
Last Minutes Defensive
Left WingCenterRight WingDefenseDefense
Curtis LazarJ.T. MillerCharlie CoyleCale MakarDmitry Orlov
Time
Total ForwardTotal DefenseLast Minutes OffensiveLast Minutes Defensive
61:31 61:31 0:360:00
Extra Forwards
Normal PowerPlayPenalty Kill
Mikael Granlund, T.J. Oshie, Charlie CoyleMikael Granlund, T.J. OshieMikael Granlund
Extra Defensemen
Normal PowerPlayPenalty Kill
Ethan Bear, Chad Ruhwedel, Ryan MurrayEthan Bear, Ethan BearChad Ruhwedel
Penalty Shots
J.T. Miller, T.J. Oshie, Charlie Coyle, Lawson Crouse, Mikael Granlund
Goalie
Jack Campbell, Spencer Knight
Custom OT Lines Forwards
Curtis Lazar, J.T. Miller, Charlie Coyle, Lawson Crouse, Mikael Granlund, T.J. Oshie, Auston Matthews, Matthew Beniers, Stefan Noesen, Matt Nieto
Custom OT Lines Defensemen
Cale Makar, Dmitry Orlov, Tyler Myers, Ethan Bear, Chad Ruhwedel
Scratches
None

Maroons

5 vs 5 Forward
Line #Left WingCenterRight WingPHYDFOFWanted %Time %Time Play
1Matthew TkachukAndrew PoturalskiJack Quinn1224028%15:06
2Pierre-Luc DuboisCasey MittelstadtCole Perfetti1223033%17:31
3Nick RitchieKent JohnsonWarren Foegele1222023%12:18
4Adam ErneAndrew PoturalskiKeegan Kolesar1221015%8:14
5 vs 5 Defense
Line #DefenseDefensePHYDFOFWanted %Time %Time Play
1Rasmus DahlinJacob Trouba1224039%20:40
2Vince DunnEsa Lindell1223029%15:20
3Arber XhekajKevin Bahl1222026%13:56
4Arber XhekajEsa Lindell122106%3:13
Power Play Forward
Line #Left WingCenterRight WingPHYDFOFWanted %Time %Time Play
1Matthew TkachukWarren FoegelePierre-Luc Dubois1226060%2:40
2Kent JohnsonCole PerfettiJack Quinn1224040%1:46
Power Play Defense
Line #DefenseDefensePHYDFOFWanted %Time %Time Play
1Vince DunnRasmus Dahlin1226061%2:42
2Arber XhekajJacob Trouba1224039%1:44
Penalty Kill 4 Players Forward
Line #CenterWingPHYDFOFWanted %Time %Time Play
1Pierre-Luc DuboisWarren Foegele1226060%1:11
2Jack QuinnAdam Erne1224040%0:48
Penalty Kill 4 Players Defense
Line #DefenseDefensePHYDFOFWanted %Time %Time Play
1Esa LindellArber Xhekaj1226056%1:07
2Jacob TroubaEsa Lindell1224044%0:52
Penalty Kill 3 Players
Line #WingPHYDFOFWanted %Time %Time PlayDefenseDefensePHYDFOFWanted %Time %Time Play
1Pierre-Luc Dubois122600%0:00 Jacob TroubaEsa Lindell122600%0:00
2Cole Perfetti122400%0:00 Arber XhekajVince Dunn122400%0:00
4 vs 4 Forward
Line #CenterWingPHYDFOFWanted %Time %Time Play
1Jack QuinnKent Johnson12260100%1:31
2Pierre-Luc DuboisCole Perfetti122400%0:00
4 vs 4 Defense
Line #DefensePHYDFOFWanted %Time %Time Play
1Rasmus DahlinVince Dunn1226054%60% - 0:49
2Esa LindellJacob Trouba1224046%40% - 0:42
Last Minutes Offensive
Left WingCenterRight WingDefenseDefense
Matthew TkachukFilip ZadinaPierre-Luc DuboisJacob TroubaVince Dunn
Last Minutes Defensive
Left WingCenterRight WingDefenseDefense
Matthew TkachukFilip ZadinaPierre-Luc DuboisJacob TroubaVince Dunn
Time
Total ForwardTotal DefenseLast Minutes OffensiveLast Minutes Defensive
61:31 61:31 0:000:26
Extra Forwards
Normal PowerPlayPenalty Kill
Pierre-Luc Dubois, Matthew Tkachuk, Jack QuinnPierre-Luc Dubois, Matthew TkachukKent Johnson
Extra Defensemen
Normal PowerPlayPenalty Kill
Arber Xhekaj, Rasmus Dahlin, Jacob TroubaEsa Lindell, Vince DunnJacob Trouba
Penalty Shots
Warren Foegele, Matthew Tkachuk, Cole Perfetti, Pierre-Luc Dubois, Jack Quinn
Goalie
John Gibson, Tyler Parks
Custom OT Lines Forwards
Kent Johnson, Cole Perfetti, Matthew Tkachuk, Andrew Poturalski, Pierre-Luc Dubois, Casey Mittelstadt, Warren Foegele, Nick Ritchie, Jack Quinn, Adam Erne
Custom OT Lines Defensemen
Arber Xhekaj, Rasmus Dahlin, Jacob Trouba, Esa Lindell, Vince Dunn
Scratches
None


Play-by-Play

1st period


0:01 of 1st period - Andrew Poturalski wins face-off versus J.T. Miller in neutral zone.
0:14 of 1st period - Snap shot by Matthew Tkachuk.
0:14 of 1st period - Shot Misses the Net.
0:16 of 1st period - Slapshot by Rasmus Dahlin.
0:16 of 1st period - Shot Blocked by Charlie Coyle.
0:31 of 1st period - Esa Lindell is hit by Cale Makar and loses puck.
0:48 of 1st period - Warren Foegele is hit by Mikael Granlund and loses puck.
1:27 of 1st period - Wrist shot by J.T. Miller.
1:27 of 1st period - Shot Blocked by Matthew Tkachuk.
2:12 of 1st period - Snap shot by Matthew Tkachuk.
2:12 of 1st period - Stopped by Jack Campbell with a rebound.
2:52 of 1st period - Minor Penalty to Nick Ritchie for Roughing.
2:53 of 1st period - Pierre-Luc Dubois wins face-off versus T.J. Oshie in Maroons zone.
3:26 of 1st period - Snap shot by J.T. Miller.
3:26 of 1st period - Shot Misses the Net.
4:12 of 1st period - Jacob Trouba is hit by Tyler Myers and loses puck.
4:27 of 1st period - Jack Quinn is hit by J.T. Miller and loses puck.
4:52 of 1st period - Penalty to Nick Ritchie is over, Nick Ritchie is back on ice.
5:06 of 1st period - Dmitry Orlov is hit by Jacob Trouba and loses puck.
5:17 of 1st period - Dmitry Orlov is hit by Jacob Trouba.
5:45 of 1st period - Slapshot by Warren Foegele.
5:45 of 1st period - Stopped by Jack Campbell with a rebound.
7:12 of 1st period - Off-side.
7:13 of 1st period - Andrew Poturalski wins face-off versus T.J. Oshie in neutral zone.
8:09 of 1st period - Slapshot by Matthew Tkachuk.
8:09 of 1st period - Stopped by Jack Campbell with a rebound.
8:21 of 1st period - Minor Penalty to Tyler Myers for Delaying the game.
8:22 of 1st period - Warren Foegele wins face-off versus Mikael Granlund in Penguins zone.
8:54 of 1st period - Jack Quinn is hit by T.J. Oshie and loses puck.
9:33 of 1st period - Warren Foegele is hit by T.J. Oshie and loses puck.
10:21 of 1st period - Penalty to Tyler Myers is over, Tyler Myers is back on ice.
10:30 of 1st period - Tyler Myers is hit by Keegan Kolesar and loses puck.
12:13 of 1st period - Chad Ruhwedel is hit by Pierre-Luc Dubois and loses puck.
12:39 of 1st period - Lawson Crouse is hit by Kevin Bahl.
15:05 of 1st period - Chad Ruhwedel is hit by Andrew Poturalski.
15:14 of 1st period - Arber Xhekaj is hit by Derek Ryan and loses puck.
15:54 of 1st period - Wrist shot by Bo Horvat.
15:54 of 1st period - Stopped by Jack Campbell with a rebound.
15:56 of 1st period - Slapshot by Esa Lindell.
15:56 of 1st period - Stopped by Jack Campbell with a rebound.
16:04 of 1st period - Kevin Bahl is hit by J.T. Miller and loses puck.
16:11 of 1st period - Slapshot by J.T. Miller.
16:11 of 1st period - Goal by J.T. Miller - Penguins : 1 - Maroons : 0.
16:12 of 1st period - Matthew Beniers wins face-off versus Andrew Poturalski in neutral zone.
16:19 of 1st period - Wrist shot by Auston Matthews.
16:19 of 1st period - Shot Misses the Net.
16:37 of 1st period - Mikael Granlund is hit by Warren Foegele and loses puck.
16:52 of 1st period - Stefan Noesen is hit by Nick Ritchie and loses puck.
17:13 of 1st period - Slapshot by Pierre-Luc Dubois.
17:13 of 1st period - Stopped by Jack Campbell with a rebound.
17:29 of 1st period - Wrist shot by Jack Quinn.
17:29 of 1st period - Shot Misses the Net.
17:31 of 1st period - Wrist shot by Matthew Tkachuk.
17:31 of 1st period - Stopped by Jack Campbell with a rebound.
17:43 of 1st period - Dmitry Orlov is hit by Vince Dunn and loses puck.
18:29 of 1st period - Slapshot by Jacob Trouba.
18:29 of 1st period - Deflect By Cole Perfetti.
18:29 of 1st period - Shot Blocked by Curtis Lazar.
18:29 of 1st period - Puck is out of play.
18:30 of 1st period - J.T. Miller wins face-off versus Andrew Poturalski in Penguins zone.
18:38 of 1st period - Jack Quinn is hit by Ryan Murray and loses puck.
19:03 of 1st period - Wrist shot by Casey Mittelstadt.
19:03 of 1st period - Shot Misses the Net.
19:34 of 1st period - Wrist shot by Jack Quinn.
19:34 of 1st period - Shot Misses the Net.
19:38 of 1st period - Wrist shot by Matthew Tkachuk.
19:38 of 1st period - Deflect By Andrew Poturalski.
19:38 of 1st period - Shot Misses the Net.
19:38 of 1st period - Puck is out of play.
19:39 of 1st period - Matthew Beniers wins face-off versus Andrew Poturalski in Penguins zone.
19:52 of 1st period - Auston Matthews is hit by Jack Quinn and loses puck.
Goals for this period are 1 for Penguins vs 0 for Maroons.
Shots for this period are 1 for Penguins vs 7 for Maroons.

2nd period


0:01 of 2nd period - J.T. Miller wins face-off versus Andrew Poturalski in neutral zone.
0:04 of 2nd period - Matthew Tkachuk is hit by Curtis Lazar and loses puck.
0:29 of 2nd period - Wrist shot by Casey Mittelstadt.
0:29 of 2nd period - Stopped by Jack Campbell without a rebound.
0:30 of 2nd period - Matthew Beniers wins face-off versus Andrew Poturalski in Penguins zone.
0:43 of 2nd period - Slapshot by Jack Quinn.
0:43 of 2nd period - Shot Misses the Net.
2:02 of 2nd period - Slapshot by Casey Mittelstadt.
2:02 of 2nd period - Stopped by Jack Campbell with a rebound.
2:04 of 2nd period - Slapshot by Rasmus Dahlin.
2:04 of 2nd period - Shot Misses the Net.
2:06 of 2nd period - Slapshot by Cole Perfetti.
2:06 of 2nd period - Shot Misses the Net.
2:18 of 2nd period - Adam Erne is hit by T.J. Oshie and loses puck.
2:57 of 2nd period - Ryan Murray is hit by Pierre-Luc Dubois and loses puck.
3:59 of 2nd period - Tyler Myers is hit by Matthew Tkachuk and loses puck.
4:18 of 2nd period - Derek Ryan is hit by Rasmus Dahlin and loses puck.
4:42 of 2nd period - Chad Ruhwedel is hit by Nick Ritchie and loses puck.
5:01 of 2nd period - Stefan Noesen is hit by Rasmus Dahlin and loses puck.
5:20 of 2nd period - Ryan Murray is hit by Nick Ritchie and loses puck.
5:39 of 2nd period - Slapshot by Pierre-Luc Dubois.
5:39 of 2nd period - Shot Misses the Net.
6:25 of 2nd period - Rasmus Dahlin is hit by J.T. Miller and loses puck.
6:38 of 2nd period - Snap shot by Warren Foegele.
6:38 of 2nd period - Stopped by Jack Campbell with a rebound.
7:08 of 2nd period - Curtis Lazar is hit by Rasmus Dahlin and loses puck.
8:09 of 2nd period - Derek Ryan is hit by Andrew Poturalski.
8:42 of 2nd period - Stefan Noesen is hit by Casey Mittelstadt and loses puck.
8:49 of 2nd period - Slapshot by Casey Mittelstadt.
8:49 of 2nd period - Deflect By Pierre-Luc Dubois.
8:49 of 2nd period - Shot Misses the Net.
8:49 of 2nd period - Puck is out of play.
8:50 of 2nd period - Kent Johnson wins face-off versus J.T. Miller in Penguins zone.
8:51 of 2nd period - Snap shot by Nick Ritchie.
8:51 of 2nd period - Shot Blocked by Chad Ruhwedel.
8:55 of 2nd period - Slapshot by Kent Johnson.
8:55 of 2nd period - Stopped by Jack Campbell without a rebound.
8:56 of 2nd period - J.T. Miller wins face-off versus Kent Johnson in Penguins zone.
9:03 of 2nd period - Slapshot by J.T. Miller.
9:03 of 2nd period - Shot Misses the Net.
9:07 of 2nd period - Snap shot by Charlie Coyle.
9:07 of 2nd period - Stopped by John Gibson with a rebound.
9:09 of 2nd period - Snap shot by J.T. Miller.
9:09 of 2nd period - Shot Misses the Net.
9:11 of 2nd period - Slapshot by Chad Ruhwedel.
9:11 of 2nd period - Stopped by John Gibson with a rebound.
10:16 of 2nd period - Matthew Beniers is hit by Rasmus Dahlin and loses puck.
11:33 of 2nd period - Slapshot by Cale Makar.
11:33 of 2nd period - Shot Blocked by Rasmus Dahlin.
11:35 of 2nd period - Snap shot by Cale Makar.
11:35 of 2nd period - Stopped by John Gibson without a rebound.
11:36 of 2nd period - Kent Johnson wins face-off versus T.J. Oshie in Maroons zone.
11:47 of 2nd period - Snap shot by Matt Nieto.
11:47 of 2nd period - Shot Misses the Net.
12:07 of 2nd period - Curtis Lazar is hit by Rasmus Dahlin and loses puck.
13:01 of 2nd period - Snap shot by Casey Mittelstadt.
13:01 of 2nd period - Stopped by Jack Campbell with a rebound.
13:03 of 2nd period - Slapshot by Vince Dunn.
13:03 of 2nd period - Stopped by Jack Campbell with a rebound.
13:05 of 2nd period - Snap shot by Cole Perfetti.
13:05 of 2nd period - Shot Blocked by Matthew Beniers.
14:05 of 2nd period - Ethan Bear is hit by Matthew Tkachuk and loses puck.
14:24 of 2nd period - Wrist shot by J.T. Miller.
14:24 of 2nd period - Stopped by John Gibson with a rebound.
15:01 of 2nd period - Dmitry Orlov is hit by Andrew Poturalski and loses puck.
15:12 of 2nd period - Slapshot by Pierre-Luc Dubois.
15:12 of 2nd period - Stopped by Jack Campbell without a rebound.
15:13 of 2nd period - Matthew Beniers wins face-off versus Cole Perfetti in Penguins zone.
15:20 of 2nd period - Wrist shot by Auston Matthews.
15:20 of 2nd period - Stopped by John Gibson without a rebound.
15:21 of 2nd period - Casey Mittelstadt wins face-off versus J.T. Miller in Maroons zone.
15:52 of 2nd period - Wrist shot by Lawson Crouse.
15:52 of 2nd period - Deflect By Matthew Beniers.
15:52 of 2nd period - Stopped by John Gibson without a rebound.
15:53 of 2nd period - Andrew Poturalski wins face-off versus Matthew Beniers in Maroons zone.
16:18 of 2nd period - Esa Lindell is hit by J.T. Miller and loses puck.
16:25 of 2nd period - Wrist shot by J.T. Miller.
16:25 of 2nd period - Shot Blocked by Arber Xhekaj.
16:27 of 2nd period - Slapshot by Charlie Coyle.
16:27 of 2nd period - Shot Blocked by Pierre-Luc Dubois.
16:29 of 2nd period - Snap shot by J.T. Miller.
16:29 of 2nd period - Stopped by John Gibson without a rebound.
16:30 of 2nd period - T.J. Oshie wins face-off versus Matthew Tkachuk in Maroons zone.
16:39 of 2nd period - Snap shot by Matthew Tkachuk.
16:39 of 2nd period - Goal by Matthew Tkachuk - Penguins : 1 - Maroons : 1.
16:40 of 2nd period - Andrew Poturalski wins face-off versus J.T. Miller in neutral zone.
17:00 of 2nd period - Jack Quinn is hit by Charlie Coyle and loses puck.
19:08 of 2nd period - Snap shot by Matthew Beniers.
19:08 of 2nd period - Stopped by John Gibson without a rebound.
19:09 of 2nd period - Matthew Beniers wins face-off versus Kent Johnson in Maroons zone.
19:10 of 2nd period - Backhand shot by Auston Matthews.
19:10 of 2nd period - Shot Misses the Net.
19:12 of 2nd period - Wrist shot by Lawson Crouse.
19:12 of 2nd period - Shot Misses the Net.
19:14 of 2nd period - Snap shot by Auston Matthews.
19:14 of 2nd period - Shot Misses the Net.
19:16 of 2nd period - Slapshot by Tyler Myers.
19:16 of 2nd period - Stopped by John Gibson without a rebound.
19:17 of 2nd period - J.T. Miller wins face-off versus Warren Foegele in Maroons zone.
19:22 of 2nd period - Wrist shot by Charlie Coyle.
19:22 of 2nd period - Shot Misses the Net.
19:24 of 2nd period - Wrist shot by J.T. Miller.
19:24 of 2nd period - Shot Misses the Net.
19:26 of 2nd period - Snap shot by Curtis Lazar.
19:26 of 2nd period - Stopped by John Gibson without a rebound.
19:27 of 2nd period - J.T. Miller wins face-off versus Andrew Poturalski in Maroons zone.
19:32 of 2nd period - Slapshot by Charlie Coyle.
19:32 of 2nd period - Stopped by John Gibson with a rebound.
19:34 of 2nd period - Snap shot by Curtis Lazar.
19:34 of 2nd period - Shot Misses the Net.
19:36 of 2nd period - Snap shot by Chad Ruhwedel.
19:36 of 2nd period - Shot Blocked by Vince Dunn.
19:38 of 2nd period - Wrist shot by J.T. Miller.
19:38 of 2nd period - Shot Misses the Net.
19:40 of 2nd period - Snap shot by Charlie Coyle.
19:40 of 2nd period - Shot Misses the Net.
19:42 of 2nd period - Slapshot by Ryan Murray.
19:42 of 2nd period - Deflect By Matthew Tkachuk.
19:42 of 2nd period - Stopped by John Gibson with a rebound.
19:44 of 2nd period - Wrist shot by Curtis Lazar.
19:44 of 2nd period - Stopped by John Gibson without a rebound.
19:45 of 2nd period - Casey Mittelstadt wins face-off versus Matthew Beniers in Maroons zone.
Goals for this period are 0 for Penguins vs 1 for Maroons.
Shots for this period are 13 for Penguins vs 8 for Maroons.

3rd period


0:01 of 3rd period - J.T. Miller wins face-off versus Andrew Poturalski in neutral zone.
0:03 of 3rd period - Off-side.
0:04 of 3rd period - J.T. Miller wins face-off versus Andrew Poturalski in neutral zone.
0:07 of 3rd period - Wrist shot by Curtis Lazar.
0:07 of 3rd period - Shot Blocked by Vince Dunn.
0:09 of 3rd period - Snap shot by Charlie Coyle.
0:09 of 3rd period - Stopped by John Gibson with a rebound.
0:11 of 3rd period - Wrist shot by Tyler Myers.
0:11 of 3rd period - Stopped by John Gibson with a rebound.
0:57 of 3rd period - Slapshot by Auston Matthews.
0:57 of 3rd period - Shot Blocked by Pierre-Luc Dubois.
1:42 of 3rd period - Slapshot by Casey Mittelstadt.
1:42 of 3rd period - Stopped by Jack Campbell without a rebound.
1:43 of 3rd period - Andrew Poturalski wins face-off versus Matthew Beniers in Penguins zone.
1:46 of 3rd period - Slapshot by Matthew Tkachuk.
1:46 of 3rd period - Stopped by Jack Campbell without a rebound.
1:47 of 3rd period - Andrew Poturalski wins face-off versus Matthew Beniers in Penguins zone.
2:00 of 3rd period - Wrist shot by Jack Quinn.
2:00 of 3rd period - Stopped by Jack Campbell with a rebound.
2:02 of 3rd period - Wrist shot by Matthew Tkachuk.
2:02 of 3rd period - Stopped by Jack Campbell with a rebound.
2:12 of 3rd period - Slapshot by Nick Ritchie.
2:12 of 3rd period - Shot Blocked by Ethan Bear.
2:14 of 3rd period - Wrist shot by Kent Johnson.
2:14 of 3rd period - Shot Misses the Net.
2:16 of 3rd period - Slapshot by Jacob Trouba.
2:16 of 3rd period - Deflect By Kent Johnson.
2:16 of 3rd period - Goal by Kent Johnson - Penguins : 1 - Maroons : 2.
2:17 of 3rd period - J.T. Miller wins face-off versus Jack Quinn in neutral zone.
2:20 of 3rd period - Slapshot by Charlie Coyle.
2:20 of 3rd period - Stopped by John Gibson without a rebound.
2:21 of 3rd period - Curtis Lazar wins face-off versus Andrew Poturalski in Maroons zone.
2:32 of 3rd period - Snap shot by Matthew Tkachuk.
2:32 of 3rd period - Shot Blocked by Curtis Lazar.
2:36 of 3rd period - Slapshot by Rasmus Dahlin.
2:36 of 3rd period - Stopped by Jack Campbell without a rebound.
2:37 of 3rd period - T.J. Oshie wins face-off versus Casey Mittelstadt in Penguins zone.
2:37 of 3rd period - Minor Penalty to T.J. Oshie for Roughing.
2:38 of 3rd period - Mikael Granlund wins face-off versus Warren Foegele in Penguins zone.
4:37 of 3rd period - Penalty to T.J. Oshie is over, T.J. Oshie is back on ice.
5:10 of 3rd period - Wrist shot by Auston Matthews.
5:10 of 3rd period - Shot Misses the Net.
5:12 of 3rd period - Wrist shot by Auston Matthews.
5:12 of 3rd period - Shot Misses the Net.
5:43 of 3rd period - Adam Erne is hit by Cale Makar.
5:53 of 3rd period - Slapshot by Arber Xhekaj.
5:53 of 3rd period - Stopped by Jack Campbell with a rebound.
6:05 of 3rd period - Jack Quinn is hit by T.J. Oshie and loses puck.
6:59 of 3rd period - Derek Ryan is hit by Nick Ritchie.
7:11 of 3rd period - Cole Perfetti is hit by J.T. Miller.
7:31 of 3rd period - Matthew Tkachuk is hit by Mikael Granlund and loses puck.
8:07 of 3rd period - Mikael Granlund is hit by Matthew Tkachuk and loses puck.
8:55 of 3rd period - Slapshot by Charlie Coyle.
8:55 of 3rd period - Stopped by John Gibson with a rebound.
13:18 of 3rd period - Ethan Bear is hit by Kevin Bahl and loses puck.
14:29 of 3rd period - Cale Makar is hit by Nick Ritchie and loses puck.
14:46 of 3rd period - Mikael Granlund is hit by Adam Erne and loses puck.
14:57 of 3rd period - Jacob Trouba is hit by Lawson Crouse and loses puck.
15:50 of 3rd period - Jacob Trouba is hit by T.J. Oshie.
18:16 of 3rd period - Icing by Kevin Bahl.
18:17 of 3rd period - J.T. Miller wins face-off versus Pierre-Luc Dubois in Maroons zone.
18:37 of 3rd period - Icing by Tyler Myers.
18:38 of 3rd period - Casey Mittelstadt wins face-off versus Matthew Beniers in Penguins zone.
18:56 of 3rd period - Off-side.
18:57 of 3rd period - Chris Taylor call a timeout for Penguins.
18:57 of 3rd period - J.T. Miller wins face-off versus Filip Zadina in neutral zone.
19:00 of 3rd period - Penguins, Jack Campbell is pulled from the net.
19:08 of 3rd period - Snap shot by Cale Makar.
19:08 of 3rd period - Stopped by John Gibson with a rebound.
19:10 of 3rd period - Snap shot by Cale Makar.
19:10 of 3rd period - Shot Blocked by Matthew Tkachuk.
19:12 of 3rd period - Slapshot by Charlie Coyle.
19:12 of 3rd period - Shot Blocked by Jacob Trouba.
19:14 of 3rd period - Slapshot by Cale Makar.
19:14 of 3rd period - Shot Misses the Net.
19:18 of 3rd period - Wrist shot by Charlie Coyle.
19:18 of 3rd period - Shot Misses the Net.
19:20 of 3rd period - Wrist shot by Dmitry Orlov.
19:20 of 3rd period - Goal by Dmitry Orlov - Penguins : 2 - Maroons : 2.
19:20 of 3rd period - Jack Campbell from Penguins was sent back in the game.
19:21 of 3rd period - T.J. Oshie wins face-off versus Kent Johnson in neutral zone.
19:26 of 3rd period - Slapshot by Mikael Granlund.
19:26 of 3rd period - Shot Blocked by Nick Ritchie.
19:31 of 3rd period - Minor Penalty to Stefan Noesen for Holding.
19:32 of 3rd period - Mikael Granlund wins face-off versus Warren Foegele in Penguins zone.
Goals for this period are 1 for Penguins vs 1 for Maroons.
Shots for this period are 6 for Penguins vs 7 for Maroons.

Overtime #1


0:01 of 1st overtime period - Jack Quinn wins face-off versus Lawson Crouse in neutral zone.
0:12 of 1st overtime period - Slapshot by Vince Dunn.
0:12 of 1st overtime period - Shot Blocked by Lawson Crouse.
0:16 of 1st overtime period - Slapshot by Jack Quinn.
0:16 of 1st overtime period - Shot Misses the Net.
0:42 of 1st overtime period - Wrist shot by Pierre-Luc Dubois.
0:42 of 1st overtime period - Shot Misses the Net.
0:50 of 1st overtime period - Snap shot by Pierre-Luc Dubois.
0:50 of 1st overtime period - Shot Misses the Net.
0:52 of 1st overtime period - Snap shot by Pierre-Luc Dubois.
0:52 of 1st overtime period - Stopped by Jack Campbell with a rebound.
1:31 of 1st overtime period - Penalty to Stefan Noesen is over, Stefan Noesen is back on ice.
1:48 of 1st overtime period - Slapshot by Cale Makar.
1:48 of 1st overtime period - Shot Misses the Net.
2:06 of 1st overtime period - Wrist shot by Cale Makar.
2:06 of 1st overtime period - Shot Blocked by Arber Xhekaj.
2:37 of 1st overtime period - Snap shot by Warren Foegele.
2:37 of 1st overtime period - Deflect By Lawson Crouse.
2:37 of 1st overtime period - Shot Blocked by T.J. Oshie.
2:37 of 1st overtime period - Puck is out of play.
2:38 of 1st overtime period - J.T. Miller wins face-off versus Kent Johnson in Penguins zone.
2:58 of 1st overtime period - Off-side.
2:59 of 1st overtime period - Andrew Poturalski wins face-off versus Charlie Coyle in neutral zone.
3:06 of 1st overtime period - Wrist shot by Matthew Tkachuk.
3:06 of 1st overtime period - Shot Misses the Net.
3:13 of 1st overtime period - Snap shot by Charlie Coyle.
3:13 of 1st overtime period - Deflect By Arber Xhekaj.
3:13 of 1st overtime period - Goal by Charlie Coyle - Penguins : 3 - Maroons : 2.
Goals for this period are 1 for Penguins vs 0 for Maroons.
Shots for this period are 1 for Penguins vs 1 for Maroons.




Output by the SimonT Hockey Simulator (STHS) for Eric Tremblay - Original Page W3C HTML5 Valid
Hockey Simulator - Hockey Simulation - Hockey Manager